 Dungeon Crawl Stone Soup version 0.32-a0-705-g60f233581c (webtiles) character file.

Game seed: 4987907132177232128

1360 Ruich the Magician (level 8, -1/59 HPs)
             Began as a Djinni Alchemist on Mar 15, 2024.
             Slain by a skeletal warrior
             ... wielding a +0 battleaxe
              (11 damage)
             ... on level 6 of the Dungeon.
             The game lasted 00:14:08 (6371 turns).

Ruich the Magician (Djinni Alchemist)               Turns: 6371, Time: 00:14:09

Health: -1/59      AC:  4    Str:  7    XL:     8   Next: 96%
Gold:   367        EV: 10    Int: 21    God:
                   SH:  4    Dex: 16

rFire   + + .        t - +6 hand axe of Ricwar {vamp, rN+ Int+2 Dex+2}
rCold   x . .        k - +0 buckler
rNeg    + . .        a - +0 robe
rPois   ∞            (no helmet)
rElec   .            r - +1 cloak {Will+}
rCorr   .            (no gloves)
SInv    .            (boots unavailable)
Will    +....        (no amulet)
Stlth   +++          d - ring of wizardry
HPRegen 0.29/turn    (no ring)
MPRegen 0.00/turn

%: wizardry (x1), infuse magic (-2 HP)
@: flying
A: sickness immunity, fire resistance 2, cold vulnerability 1, float, innate
caster, HP casting, extra vitality 1
a: no special abilities


You were on level 6 of the Dungeon.
You visited 1 branch of the dungeon, and saw 6 of its levels.

You collected 367 gold pieces.


Innate Abilities, Weirdness & Mutations

You are immune to sickness and miasma.
You are immune to poison.
Your flesh is very heat resistant. (rF++)
You are vulnerable to cold. (rC-)
You float through the air rather than walking.
You learn spells naturally, not from books.
Your magical power is your life essence.
You have superior vitality. (+4 MHP)


   Skills:
 + Level 5.0 Fighting
 - Level 2.1 Dodging
 - Level 4.2 Stealth
 + Level 2.5 Shields
 * Level 6.3 Spellcasting
 * Level 6.3 Conjurations
 * Level 6.3 Hexes
   Level 0.0 Charms
 * Level 6.3 Summonings
 * Level 6.3 Necromancy
 * Level 6.3 Translocations
   Level 0.0 Transmutations
 * Level 6.3 Fire Magic
 * Level 6.3 Ice Magic
 * Level 6.3 Air Magic
 * Level 6.3 Earth Magic
 * Level 6.3 Alchemy


You knew the following spells:

 Your Spells              Type           Power      Damage    Failure   Level
d - Magic Dart            Conj           100%       1d8       1%          1
e - Ensorcelled Hibernat  Hex/Ice        66%        N/A       1%          2
l - Lesser Beckoning      Tloc           66%        N/A       1%          2
m - Mephitic Cloud        Conj/Alch/Air  33%        N/A       1%          3
o - Olgreb's Toxic Radia  Alch           33%        N/A       4%          4
y - Sticky Flame          Fire/Alch      33%        2d7       4%          4
z - Sting                 Conj/Alch      100%       1d9       1%          1
X - Mercury Vapours       Alch/Air       66%        N/A       1%          2
Your spell library was empty.

Inventory:

Hand Weapons
 t - the +6 hand axe of Ricwar (weapon) {vamp, rN+ Int+2 Dex+2}
   (You found it on level 6 of the Dungeon)

   Int+2:     It affects your intelligence (+2).
   Dex+2:     It affects your dexterity (+2).
   rN+:       It protects you from negative energy.
Armour
 a - a +0 robe (worn)
 k - a +0 buckler (worn)
 r - a +1 cloak of willpower (worn)
Magical Staves
 q - a staff of air {!a}
Jewellery
 d - a ring of wizardry (left hand)
Talismans
 s - a maw talisman
Wands
 b - a wand of paralysis (13)
 p - a wand of acid (13)
Scrolls
 c - 2 scrolls of immolation
 g - a scroll of enchant weapon
 h - 2 scrolls of noise
 n - a scroll of fear
 o - a scroll of blinking
Potions
 e - a potion of mutation
 f - 2 potions of heal wounds {@q2}
 i - a potion of invisibility
 j - 2 potions of brilliance
 m - 4 potions of curing {@q1}

Dungeon Overview and Level Annotations

Branches:
Dungeon (6/15) Zot: 26340  Temple (0/1) D:6

Altars:
Fedhas
Okawaru

Annotations:
D:4 exclusion: phantom

#.#
###..#..#..#####.#
....##.#
.....#..#..... #.#
....##.#
.....#..#......#.#
....##.#
.#####..#####..#.#
....##.#
#..#......#.#
....##.#
#..#......#.#
....##.#
#..#.)#####.#
....##.# #.z#..#
#.# ....##.#
#.@#..# #.#
....#..# #..# .'
#.# ....#.#######
#..# ### #.#
....#†.......
#..########.#
^)...........
#...........#
.....#.......
#.#########.#
#..###....... #.#
#.## ...>.+.......
#.# #..###
#.#..#....... #.#
##...#


You could see a skeletal warrior (burning).


Message History

The skeletal warrior is lightly damaged.
* * * LOW HITPOINT WARNING * * *
The skeletal warrior burns!
The skeletal warrior barely misses you.
Casting: Sticky Flame (dangerous; 4% risk of failure)
Confirm with . or Enter, or press ? or * to list all spells.
Aiming: Sticky Flame (dangerous; 4% risk of failure)
Press: ? - help, Shift-Dir - straight line, f/p - skeletal warrior
Aim: a skeletal warrior, wielding a +0 battleaxe and wearing a +3 plate armour (moderately damaged, covered in liquid flames)
The skeletal warrior is moderately damaged.
* * * LOW HITPOINT WARNING * * *
The skeletal warrior burns!
The skeletal warrior closely misses you.
Casting: Sticky Flame (dangerous; 4% risk of failure)
Confirm with . or Enter, or press ? or * to list all spells.
Aiming: Sticky Flame (dangerous; 4% risk of failure)
Press: ? - help, Shift-Dir - straight line, f/p - skeletal warrior
Aim: a skeletal warrior, wielding a +0 battleaxe and wearing a +3 plate armour (heavily damaged, covered in liquid flames)
The skeletal warrior is heavily damaged.
* * * LOW HITPOINT WARNING * * *
The skeletal warrior burns!
The skeletal warrior closely misses you.
Casting: Sticky Flame (dangerous; 4% risk of failure)
Confirm with . or Enter, or press ? or * to list all spells.
Aiming: Sticky Flame (dangerous; 4% risk of failure)
Press: ? - help, Shift-Dir - straight line, f/p - skeletal warrior
Aim: a skeletal warrior, wielding a +0 battleaxe and wearing a +3 plate armour (severely damaged, covered in liquid flames)
The skeletal warrior is severely damaged.
* * * LOW HITPOINT WARNING * * *
The skeletal warrior burns!
You die...

Skill      XL: |  1  2  3  4  5  6  7  8 |
---------------+-------------------------+-----
Fighting       | 1 2 3 5 |  5.0
Stealth        | 2 3 4 |  4.2
Spellcasting   | 4 5 6 |  6.3
Conjurations   | 4 5 6 |  6.3
Hexes          | 4 5 6 |  6.3
Summonings     | 4 5 6 |  6.3
Necromancy     | 4 5 6 |  6.3
Translocations | 4 5 6 |  6.3
Fire Magic     | 4 5 6 |  6.3
Ice Magic      | 4 5 6 |  6.3
Air Magic      | 4 5 6 |  6.3
Earth Magic    | 4 5 6 |  6.3
Alchemy        | 4 5 6 |  6.3
Shields        | 2 |  2.5
Dodging        | |  2.1

Action                     |  1- 3 |  4- 6 |  7- 9 || total
---------------------------+-------+-------+-------++-------
  Melee: Unarmed           |       |     1 |       ||     1
         Dagger            |       |       |     2 ||     2
   Cast: Sting             |    61 |   133 |    22 ||   216
         Sticky Flame      |       |     9 |    13 ||    22
         Olgreb's Toxic Ra |       |     5 |    30 ||    35
         Magic Dart        |       |     4 |       ||     4
         Mercury Vapours   |       |     1 |       ||     1
         Mephitic Cloud    |       |       |     1 ||     1
    Use: Scroll            |       |     9 |     2 ||    11
         Potion            |       |     1 |       ||     1
 Armour: Robe              |     9 |    38 |    12 ||    59
  Dodge: Dodged            |    12 |    26 |     8 ||    46

Levels and vault maps discovered:
D:1:      roadster_arrival_rocket_small, layout_basic
D:2:      minmay_razor_zed, layout_basic
D:3:      layout_basic
D:4:      layout_layer_cave, grunt_decor_clamped
D:5:      layout_rooms, lemuel_doored_altar, overflow_temple_1_default,
          uniq_duvessa, uniq_crazy_yiuf_cottage
D:6:      kennysheep_windowed_halls, layout_basic, temple_green

Notes
Turn   | Place    | Note
-------+----------+-------------------------------------------
     0 | D:1      | Ruich the Djinni Alchemist began the quest for the Orb.
     0 | D:1      | Ruich set off with the following spells memorised: Sting,
                  | Mercury Vapours, Mephitic Cloud, Olgreb's Toxic Radiance,
                  | Sticky Flame.
     0 | D:1      | Reached XP level 1. HP: 15/15 MP: 0/0
   214 | D:1      | Reached XP level 2. HP: 20/22 MP: 0/0
   585 | D:1      | Reached skill level 1 in Fighting
   585 | D:1      | Reached skill level 2 in Stealth
   585 | D:1      | Reached XP level 3. HP: 26/27 MP: 0/0
   585 | D:1      | Learned a level 1 spell: Magic Dart
   986 | D:2      | Reached XP level 4. HP: 17/32 MP: 0/0
  1745 | D:2      | Reached XP level 5. HP: 34/38 MP: 0/0
  1745 | D:2      | Learned a level 2 spell: Ensorcelled Hibernation
  1918 | D:3      | Reached skill level 2 in Fighting
  1932 | D:3      | Reached skill level 4 in Spellcasting
  1932 | D:3      | Reached skill level 4 in Conjurations
  1932 | D:3      | Reached skill level 4 in Hexes
  1932 | D:3      | Reached skill level 4 in Summonings
  1932 | D:3      | Reached skill level 4 in Necromancy
  1932 | D:3      | Reached skill level 4 in Translocations
  1932 | D:3      | Reached skill level 4 in Fire Magic
  1932 | D:3      | Reached skill level 4 in Ice Magic
  1932 | D:3      | Reached skill level 4 in Air Magic
  1932 | D:3      | Reached skill level 4 in Earth Magic
  1932 | D:3      | Reached skill level 4 in Alchemy
  2958 | D:4      | Reached XP level 6. HP: 39/45 MP: 0/0
  3070 | D:4      | Reached skill level 3 in Stealth
  3196 | D:4      | HP: 2/45 [phantom (6)]
  3201 | D:4      | HP: 1/45 [phantom (2)]
  4636 | D:5      | Entered Level 5 of the Dungeon
  4636 | D:5      | Found an iron altar of Okawaru.
  4664 | D:5      | Found a blossoming altar of Fedhas.
  4672 | D:5      | Noticed an ice beast
  4718 | D:5      | Reached skill level 3 in Fighting
  4785 | D:5      | Reached XP level 7. HP: 48/50 MP: 0/0
  4785 | D:5      | Learned a level 2 spell: Lesser Beckoning
  4826 | D:5      | Noticed a water moccasin
  4833 | D:5      | Killed a water moccasin
  4833 | D:5      | Noticed Duvessa
  4834 | D:5      | Reached skill level 5 in Spellcasting
  4834 | D:5      | Reached skill level 5 in Conjurations
  4834 | D:5      | Reached skill level 5 in Hexes
  4834 | D:5      | Reached skill level 5 in Summonings
  4834 | D:5      | Reached skill level 5 in Necromancy
  4834 | D:5      | Reached skill level 5 in Translocations
  4834 | D:5      | Reached skill level 5 in Fire Magic
  4834 | D:5      | Reached skill level 5 in Ice Magic
  4834 | D:5      | Reached skill level 5 in Air Magic
  4834 | D:5      | Reached skill level 5 in Earth Magic
  4834 | D:5      | Reached skill level 5 in Alchemy
  4843 | D:5      | Killed Duvessa
  4844 | D:5      | Noticed Dowan
  5031 | D:5      | Reached skill level 4 in Stealth
  5031 | D:5      | Reached XP level 8. HP: 55/58 MP: 0/0
  5240 | D:5      | Killed Dowan
  5241 | D:5      | Reached skill level 4 in Fighting
  5463 | D:5      | Found a runed translucent door.
  5464 | D:5      | Noticed Crazy Yiuf
  5551 | D:5      | Killed Crazy Yiuf
  5853 | D:6      | Reached skill level 1 in Shields
  5909 | D:6      | Identified the +6 hand axe of Ricwar {vamp, rN+ Int+2
                  | Dex+2}
  5925 | D:6      | Reached skill level 6 in Spellcasting
  5925 | D:6      | Reached skill level 6 in Conjurations
  5925 | D:6      | Reached skill level 6 in Hexes
  5925 | D:6      | Reached skill level 6 in Summonings
  5925 | D:6      | Reached skill level 6 in Necromancy
  5925 | D:6      | Reached skill level 6 in Translocations
  5925 | D:6      | Reached skill level 6 in Fire Magic
  5925 | D:6      | Reached skill level 6 in Ice Magic
  5925 | D:6      | Reached skill level 6 in Air Magic
  5925 | D:6      | Reached skill level 6 in Earth Magic
  5925 | D:6      | Reached skill level 6 in Alchemy
  6078 | D:6      | Reached skill level 2 in Shields
  6223 | D:6      | Found a staircase to the Ecumenical Temple.
  6293 | D:6      | Noticed a two-headed ogre
  6313 | D:6      | Noticed a skeletal warrior
  6330 | D:6      | Reached skill level 5 in Fighting
  6371 | D:6      | Slain by a skeletal warrior

Vanquished Creatures
  Duvessa (D:5)
  A water moccasin (D:5)
  An ice beast (D:5)
  A black bear (D:6)
  An ogre (D:6)
  A phantom (D:3)
  A gnoll sergeant (D:6)
  A scorpion (D:6)
  Dowan (D:5)
  2 howler monkeys (D:6)
  2 orc priests
  A hound (D:6)
  Crazy Yiuf (D:5)
  3 orc wizards (D:5)
  An iguana (D:6)
  11 adders
  9 gnolls
  2 white imps
  3 ufetubi
  4 dart slugs
  2 ribbon worms
  19 orcs
  11 bats
  5 endoplasms
  5 giant cockroaches
  7 goblins
  8 hobgoblins
  2 jackals (D:3)
  3 quokkas
  6 ball pythons
  3 frilled lizards
  6 kobolds
  5 rats
130 creatures vanquished.

Table legend: (Time is in decaauts)
 A = Elapsed time spent in this place.
 B = Non-inter-level travel time spent in this place.
 C = Inter-level travel time spent in this place.
 D = Time resting spent in this place.
 E = Time spent auto-exploring this place.
 F = Levels seen in this place.
 G = Mean time per level.
                   A        B        C        D        E       F      G
               +--------+--------+--------+--------+--------+-----+--------+
         Total |   6371 |   6157 |    214 |   1908 |   3283 |   6 | 1061.8 |
       Dungeon |   6371 |   6157 |    214 |   1908 |   3283 |   6 | 1061.8 |
               +--------+--------+--------+--------+--------+-----+--------+

Top non-repeatable levels by time:
     D:2: 1669 daAuts
     D:4: 1267 daAuts
     D:3: 1233 daAuts
     D:5: 888 daAuts
     D:6: 658 daAuts
     D:1: 655 daAuts

Table legend:
 A = Non-vault XP
 B = Vault XP
 C = Vault XP percentage of total XP
 D = Non-vault monster count
 E = Vault monster count
 F = Vault count percentage of total count
                 A         B        C        D         E       F
            +---------+---------+-------+---------+---------+-------
      Total |    1494 |     449 |  23.1 |     107 |      23 |  17.7
            +---------+---------+-------+---------+---------+-------
        D:1 |      30 |       0 |   0.0 |      17 |       0 |   0.0
        D:2 |      70 |      46 |  39.7 |      18 |      15 |  45.5
        D:3 |     188 |       0 |   0.0 |      22 |       0 |   0.0
        D:4 |     122 |       0 |   0.0 |      15 |       0 |   0.0
        D:5 |     448 |     263 |  37.0 |      18 |       3 |  14.3
        D:6 |     636 |     140 |  18.0 |      17 |       5 |  22.7
            +---------+---------+-------+---------+---------+-------
